 Dungeon Crawl Stone Soup version 0.25-a0-949-gdd2af9e06e (webtiles) character file.

Game seed: 3316928624488733130, levelgen mode: deterministic

3987 MisterFreud the Carver (level 10, -3/102 HPs)
             Began as an Octopode Gladiator on May 8, 2020.
             Was a Believer of Cheibriados.
             Slain by a two-headed ogre
             ... wielding a +0 giant club
              (11 damage)
             ... on level 9 of the Dungeon.
             The game lasted 00:15:37 (10285 turns).

MisterFreud the Carver (Octopode Gladiator)        Turns: 10285, Time: 00:15:39

Health: -3/102     AC: 29    Str: 17    XL:     10   Next: 22%
Magic:  10/10      EV:  2    Int: 17    God:    Cheibriados [**....]
Gold:   496        SH:  0    Dex: 19    Spells: 9/9 levels left

rFire    + . .     SeeInvis +   a - +1 long sword
rCold    + . .     Gourm    .   (no shield)
rNeg     + + +     Faith    .   (helmet currently unavailable)
rPois    +         Spirit   .   (no amulet)
rElec    +         Reflect  .   r - ring of see invisible
rCorr    +         Harm     .   k - +4 ring of protection
MR       .....     NoTele   +   (no ring)
Stlth    ++........             (no ring)
HPRegen  0.27/turn              (no ring)
MPRegen  0.12/turn              (no ring)
                                (no ring)
                                (no ring)

@: tree-form, resistant, hasted
A: almost no armour, stealthy swim, (amphibious), 8 rings, (constrict 8)
a: Bend Time, Renounce Religion


You were on level 9 of the Dungeon.
You worshipped Cheibriados.
Cheibriados was pleased with you.
You were hungry.
You were a tree.
You visited 2 branches of the dungeon, and saw 10 of its levels.
You also visited: Ossuary.

You collected 496 gold pieces.

Inventory:

Hand Weapons
 a - a +1 long sword (weapon)
Missiles
 c - 4 throwing nets (quivered)
Armour
 b - a +0 hat (melded)
Jewellery
 k - a +4 ring of protection (right branch)
 r - a ring of see invisible (left branch)
Wands
 t - a wand of flame (18)
Scrolls
 e - a scroll of enchant weapon
 g - 4 scrolls of noise
 h - 7 scrolls of identify
 n - 9 scrolls of remove curse
 o - 3 scrolls of magic mapping
 p - a scroll of fog
 q - a scroll of amnesia
Potions
 f - a potion of lignification
 i - a potion of brilliance
 l - 2 potions of magic
 u - a potion of haste
Comestibles
 d - 19 rations


   Skills:
 - Level 6.0 Fighting
 - Level 10.0 Long Blades
 - Level 2.0 Throwing
 + Level 9.9 Dodging


You had 9 spell levels left.
You didn't know any spells.
Your spell library was empty.

Dungeon Overview and Level Annotations

Branches:
Dungeon (9/15)             Temple (1/1) D:7         Ossuary (visited)
   Lair: D:8-11         Orc: D:9-12

Altars:
Ashenzari
Cheibriados
Dithmenos
Elyvilon
Fedhas
Gozag
Hepliaklqana
Kikubaaqudgha
Nemelex Xobeh
Okawaru
Qazlal
Sif Muna
Vehumet
Wu Jian
Zin
The Shining One

Annotations:
D:5 1 runed translucent door
D:8 3 runed translucent doors, Flugslaktarn's ghost, novice MiFi
D:9 Maurice; Pikel


Innate Abilities, Weirdness & Mutations

You cannot wear most types of armour.
You are very stealthy in the water. (Stealth+)
((You are amphibious.))
You can wear up to eight rings at the same time.
((You can use your tentacles to constrict eight enemies at once.))
((Your skin changes colour to match your surroundings (Stealth+).))
((Your rubbery body absorbs attacks. (AC +1, EV +1)))


Message History

You slash the two-headed ogre!
The two-headed ogre is heavily wounded.
The centaur hits you but does no damage.
The two-headed ogre hits you but does no damage. x2
The hound bites you but does no damage.
Unknown command.
You barely miss the two-headed ogre.
The two-headed ogre is heavily wounded.
The ogre hits you with a +0 giant club.
* * * LOW HITPOINT WARNING * * *
Pikel hits you but does no damage. Maurice hits you but does no damage.
The centaur barely misses you. The hound bites you but does no damage.
Unknown command.
You hit the two-headed ogre.
The two-headed ogre is severely wounded.
The centaur hits you but does no damage.
The two-headed ogre hits you with a +0 giant club.
* * * LOW HITPOINT WARNING * * *
The two-headed ogre hits you with a +0 giant spiked club!
You die...

### #####.# ###
#.....#### ...#
##........# ...##.
#.........###......
###...#.(..##........
#....##.(.c#.........
##...#..@♣hp.........
##.<.....KOO..........
#.........pp..........
###...................
#..............<.....
#...........(.........
#.......#..............
###..#####.......##....
#### .


You could see Maurice (invisible), a two-headed ogre, Pikel, an ogre, 3 slaves,
a centaur and a hound.

Vanquished Creatures
  A two-headed ogre (D:8)
  A hippogriff (D:7)
  An orc warrior (D:8)
  2 ice beasts
  A slave (D:9)
  A necrophage (D:8)
  6 ogres
  A centaur (D:8)
  A crocodile (D:8)
  A big kobold (D:8)
  An elf zombie (Ossuary)
  3 bullfrogs
  6 scorpions
  3 killer bees (D:8)
  A howler monkey (D:5)
  4 crimson imps (D:8)
  4 centaur zombies
  4 orc priests (D:8)
  4 hounds
  2 human zombies (Ossuary)
  Ijyb (D:3)
  8 worker ants
  6 orc wizards
  3 killer bee zombies
  A hound zombie (D:6)
  A hound skeleton (D:4)
  2 mummies (Ossuary)
  4 gnolls (D:2)
  10 adders
  An adder zombie (Ossuary)
  A dart slug (D:5)
  4 worms
  7 leopard geckos
  27 orcs
  2 ball pythons
  3 bat zombies (D:3)
  10 giant cockroaches
  7 hobgoblins
  7 quokkas
  4 bats (D:2)
  5 frilled lizards
  6 goblins
  A goblin zombie (Ossuary)
  9 hobgoblin zombies (Ossuary)
  A jackal zombie (Ossuary)
  18 kobolds
  7 kobold zombies (Ossuary)
  A leopard gecko skeleton (D:6)
  10 orc zombies (Ossuary)
  A quokka zombie (D:5)
  7 rats
  2 rat zombies (Ossuary)
225 creatures vanquished.

Notes
Turn   | Place    | Note
-------+----------+-------------------------------------------
     0 | D:1      | MisterFreud the Octopode Gladiator began the quest for the
                  | Orb.
     0 | D:1      | Reached XP level 1. HP: 14/14 MP: 1/1
   198 | D:1      | Reached XP level 2. HP: 19/20 MP: 2/2
  1072 | D:2      | Reached XP level 3. HP: 26/26 MP: 3/3
  1583 | D:2      | Reached XP level 4. HP: 11/33 MP: 4/4
  2423 | D:2      | Reached skill level 4 in Long Blades
  2863 | D:3      | Noticed an ice beast
  2870 | D:3      | Killed an ice beast
  2870 | D:3      | Reached skill level 5 in Long Blades
  2870 | D:3      | Reached XP level 5. HP: 37/37 MP: 5/5
  3045 | D:3      | Noticed Ijyb
  3059 | D:3      | Killed Ijyb
  3059 | D:3      | Reached XP level 6. HP: 29/43 MP: 6/6
  3390 | D:3      | Found an ancient bone altar of Kikubaaqudgha.
  3925 | D:4      | Reached skill level 6 in Long Blades
  4123 | D:4      | Found a shattered altar of Ashenzari.
  4422 | D:4      | Reached XP level 7. HP: 41/48 MP: 7/7
  4695 | D:4      | Found an iron altar of Okawaru.
  4923 | D:5      | Entered Level 5 of the Dungeon
  4961 | D:5      | Reached skill level 5 in Dodging
  5273 | D:5      | Found an opulent altar of Gozag.
  5625 | D:5      | Reached XP level 8. HP: 54/54 MP: 8/8
  5768 | D:5      | Found a runed translucent door.
  5769 | D:5      | Found a runed translucent door.
  6046 | D:5      | Found a sparkling altar of Nemelex Xobeh.
  6391 | D:6      | Found a sand-covered staircase.
  6396 | Ossuary  | Entered an ossuary
  6577 | Ossuary  | Reached skill level 5 in Fighting
  7761 | D:7      | Found a staircase to the Ecumenical Temple.
  7804 | D:7      | Noticed a hippogriff
  7813 | D:7      | Killed a hippogriff
  7813 | D:7      | Reached skill level 7 in Long Blades
  7813 | D:7      | Reached XP level 9. HP: 59/62 MP: 9/9
  7908 | D:7      | Found a shimmering blue altar of Sif Muna.
  7951 | D:8      | Noticed a two-headed ogre
  8136 | Temple   | Entered the Ecumenical Temple
  8231 | Temple   | Became a worshipper of Cheibriados the Contemplative
  8408 | D:7      | Reached skill level 8 in Long Blades
  8864 | D:8      | Found a runed translucent gate.
  8864 | D:8      | Found a runed translucent gate.
  8865 | D:8      | Found a runed translucent gate.
  8865 | D:8      | Noticed a manticore
  8865 | D:8      | Noticed Flugslaktarn's ghost (novice MiFi)
  8990 | D:8      | Reached * piety under Cheibriados
  9004 | D:8      | Reached skill level 9 in Long Blades
  9379 | D:8      | Reached skill level 10 in Long Blades
  9386 | D:8      | Reached ** piety under Cheibriados
  9698 | D:8      | Killed a two-headed ogre
  9698 | D:8      | Reached XP level 10. HP: 22/68 MP: 10/10
 10188 | D:9      | Noticed Pikel
 10247 | D:9      | Noticed a two-headed ogre
 10255 | D:9      | Noticed Maurice
 10285 | D:9      | Slain by a two-headed ogre

Levels and vault maps discovered:
D:1:      saegor_arrival_simple_e, layout_loops_corners
D:2:      layout_basic, first_ration, serial_co_window_serial,
          co_window_cross_1, co_window_corner_a, co_window_corner_a,
          co_window_corner_a, co_window_paths_a, co_window_corner_a,
          co_window_cross_1, co_window_of_opportunity_b, co_window_2corner,
          co_window_broadway_c, co_window_corner_cb, co_window_broadway_a,
          co_window_cross_2, glass_columns_a, glass_columns_a, glass_columns_b,
          glass_columns_a, minmay_tetromino_t4
D:3:      layout_loops_ring, lemuel_zombie_altar_kikubaaqudgha, uniq_ijyb
D:4:      layout_basic, ashenzari_conservatory_becter,
          nicolae_overflow_hidden_temple
D:5:      lemuel_insect_pit, layout_loops_ring, nicolae_overflow_crystal_walls,
          minivault_14, nemelex_lonely_heart_becter
D:6:      layout_basic, nicolae_ossuary_entry_false_entrances
D:7:      layout_cave_pools, old_standard_altar, minmay_temple_entry_arrows,
          grunt_ogre_cave
D:8:      layout_loops_ring, gammafunk_ghost_split
D:9:      layout_cave_pools, david_orc_4, worms_lemuel, uniq_pikel, uniq_maurice
Temple:   nicolae_temple_elliptical

Skill      XL: |  1  2  3  4  5  6  7  8  9 |
---------------+----------------------------+-----
Fighting       | 3 4 6 |  6.0
Long Blades    | 5 6 7 10 | 10.0
Dodging        | 4 6 8 9 |  9.9
Throwing       | |  2.0

Action                   |  1- 3 |  4- 6 |  7- 9 | 10-12 || total
-------------------------+-------+-------+-------+-------++-------
Melee: Long sword        |    53 |    95 |   341 |    30 ||   519
       Constrict         |    20 |    30 |   102 |     5 ||   157
       Tentacles         |    10 |    24 |    83 |     7 ||   124
Evoke: Wand              |       |       |    11 |     1 ||    12
  Use: Potion            |       |     2 |       |    10 ||    12
       Scroll            |       |       |     5 |     4 ||     9
 Stab: Sleeping          |     9 |     4 |     8 |     1 ||    22
       Distracted        |       |     1 |     2 |       ||     3
  Eat: Chunk             |     2 |     9 |    13 |       ||    24
       Ration            |       |       |     1 |       ||     1
Armor: Skin              |       |     8 |    45 |    90 ||   143
Dodge: Dodged            |    40 |    72 |   294 |    29 ||   435
       Rpst.: Long sword |    10 |    26 |    83 |     3 ||   122

Table legend:
 A = Non-vault XP
 B = Vault XP
 C = Vault XP percentage of total XP
 D = Non-vault monster count
 E = Vault monster count
 F = Vault count percentage of total count
                 A         B        C        D         E       F
            +---------+---------+-------+---------+---------+-------
      Total |    4859 |     838 |  14.7 |     166 |      58 |  25.9
            +---------+---------+-------+---------+---------+-------
        D:1 |      21 |       0 |   0.0 |      12 |       0 |   0.0
        D:2 |     119 |       8 |   6.3 |      32 |       3 |   8.6
        D:3 |     187 |      42 |  18.3 |      17 |       4 |  19.0
        D:4 |     328 |       0 |   0.0 |      16 |       0 |   0.0
        D:5 |     629 |     285 |  31.2 |      22 |      11 |  33.3
        D:6 |     278 |       0 |   0.0 |       9 |       0 |   0.0
        D:7 |     616 |     113 |  15.5 |      10 |       1 |   9.1
        D:8 |    2648 |       0 |   0.0 |      47 |       0 |   0.0
        D:9 |      33 |       0 |   0.0 |       1 |       0 |   0.0
    Ossuary |       0 |     390 | 100.0 |       0 |      39 | 100.0
            +---------+---------+-------+---------+---------+-------
